 Dungeon Sprint DCSS version 0.27-a0-46-g34d46f0a3f (webtiles) character file.

Game seed: 10083477556042392035

45471 mhtbhm the Fencer (level 14, -7/130 HPs)
             Began as a Human Fighter on Jan 7, 2021.
             Was the Champion of Okawaru.
             Mangled by a vampire knight
             ... wielding a +0 battleaxe
              (12 damage)
             ... while paralysed by a vampire knight
             ... in the Dungeon (Sprint IX: "|||||||||||||||||||||||||||||").
             The game lasted 00:12:30 (6001 turns).

mhtbhm the Fencer (Human Fighter)                   Turns: 6001, Time: 00:12:30

Health: -7/130     AC: 23    Str: 23    XL:     14   Next: 71%
Magic:  14/15      EV:  2    Int:  9    God:    Okawaru [******]
Gold:   78         SH:  0    Dex: 14    Spells: 13/13 levels left

rFire    + . .     SeeInvis .   a - +4 demon blade (vamp)
rCold    . . .     Faith    .   c - +1 kite shield {rF+}
rNeg     . . .     Spirit   .   b - +0 storm dragon scales
rPois    +         Reflect  +   v - +0 helmet
rElec    +         Harm     .   I - +1 cloak {Stlth+}
rCorr    .         Rampage  .   o - +0 pair of gloves
Will     +....     NoTele   +   (no boots)
Stlth    ..........             B - amulet of reflection
HPRegen  0.31/turn              F - ring of poison resistance
MPRegen  0.14/turn              q - +3 ring of strength

@: paralysed
A: no striking features
a: Renounce Religion, Heroism, Finesse


You were in the Dungeon.
You worshipped Okawaru.
Okawaru was exalted by your worship.
You visited 1 branch You collected 1948 gold pieces.
You spent 1870 gold pieces at shops.

Inventory:

Hand Weapons
 a - a +4 vampiric demon blade (weapon)
 p - a +2 long sword of holy wrath
Missiles
 i - 2 curare-tipped darts (quivered)
Armour
 b - +0 storm dragon scales (worn)
 c - a +1 kite shield of fire resistance (worn)
 f - a scarf of invisibility
 j - a +2 chain mail of positive energy
 o - a +0 pair of gloves (worn)
 v - a +0 helmet (worn)
 I - a +1 cloak of stealth (worn)
Jewellery
 q - a +3 ring of strength (right hand)
 B - an amulet of reflection (around neck)
 D - an uncursed ring of resist corrosion
 F - a ring of poison resistance (left hand)
 G - an uncursed ring of protection from fire
 H - an uncursed ring of willpower
Wands
 A - a wand of acid (3)
 E - a wand of paralysis (5)
 L - a wand of digging (5)
Scrolls
 l - 4 scrolls of remove curse
 m - 2 scrolls of amnesia
 r - 2 scrolls of fog
 s - 3 scrolls of identify
 u - 3 scrolls of fear
 w - 2 scrolls of blinking
 x - a scroll of immolation
 y - a scroll of magic mapping
 z - 3 scrolls of enchant weapon
 K - 2 scrolls of enchant armour
Potions
 d - a potion of might
 e - 4 potions of curing
 g - a potion of haste
 h - 5 potions of magic
 k - 4 potions of heal wounds
 J - a potion of brilliance
Miscellaneous
 n - a condenser vane
 t - a phantom mirror
 C - a lightning rod (4/4)


   Skills:
 + Level 18.0 Fighting
 + Level 19.0 Long Blades
 + Level 4.9 Throwing
 + Level 15.4 Armour
 + Level 9.1 Dodging
 + Level 3.5 Stealth
 + Level 18.7 Shields
 + Level 2.0 Unarmed Combat
 + Level 1.4 Invocations
 + Level 8.0 Evocations


You had 13 spell levels left.
You didn't know any spells.
Your spell library contained the following spells:

 Spells                   Type           Power        Failure   Level
 Magic Dart               Conj           0%           87%         1
 Blink                    Tloc           N/A          95%         2
 Call Imp                 Summ           0%           95%         2
 Slow                     Hex            0%           95%         2
 Conjure Flame            Conj/Fire      0%           99%         3
 Mephitic Cloud           Conj/Pois/Air  0%           99%         3


Dungeon Overview and Level Annotations

Branches:
Dungeon (1/1)

Altars:
Cheibriados
Dithmenos
Elyvilon
Fedhas
Gozag
Hepliaklqana
Kikubaaqudgha
Makhleb
Nemelex Xobeh
Okawaru
Qazlal
Ru
Sif Muna
Trog
Uskayaw
Vehumet
Wu Jian
Xom
Yredelemnul
Zin
The Shining One
Beogh
Jiyva
Lugonu

Shops:
D ?}=(


Message History

Okawaru is honoured by your kill. Something appears at your feet!
Okawaru grants you armour!
The vampire knight is engulfed in blazing flames.
The vampire knight points at you and mumbles some strange words.
You shrug off the repeated paralysis!
Your Fighting skill increases to level 18!
Your Long Blades skill increases to level 19!
Your Unarmed Combat skill increases to level 2!
Your Evocations skill increases to level 8!
The vampire knight is engulfed in blazing flames.
The vampire knight hits you with a +0 battleaxe!!
* * * LOW HITPOINT WARNING * * *
The vampire knight bites you but does no damage.
The vampire knight is engulfed in blazing flames.
The vampire knight is infused with unholy energy.
* * * LOW HITPOINT WARNING * * *
The vampire knight draws life force from you and is healed!
The vampire knight hits you with a +0 battleaxe!
You die...

.▓.▓)▓.▓[▓.♣÷♣.▓
.▓.▓.▓.▓[▓.♣÷♣.▓.▓
.▓.▓)▓.▓[▓..'♣.▓.▓
.▓.▓.▓.▓[▓.▓.▓.▓.▓
†▓.▓.▓.▓.▓.▓.▓.▓☼▓
÷▓.▓.▓.▓)▓.▓.▓.▓§▓
'▓.▓.▓.▓)▓.▓.▓.▓§▓
÷▓.▓.▓.▓)▓.▓.▓.▓V▓
.▓.▓.▓.▓)▓.▓.▓.▓@▓
.▓.▓)▓.▓)▓=▓.▓.▓)▓
.▓.▓)▓.▓)▓.▓.▓.▓'▓
.▓.▓)▓.▓)▓.▓.▓.▓.▓
.▓.▓)▓.▓)▓†▓'▓.▓.▓
)▓.▓)▓.▓.▓.▓.▓†▓.▓
.▓.▓[▓.▓=▓.▓.▓!▓.▓
.▓.▓.▓.▓.▓.▓.▓†▓.▓
.▓.▓.▓.▓.▓.▓.▓†▓.▓


You could see a vampire knight (fast).

Vanquished Creatures
  Gastronok (D)
  A frost giant (D)
  A stone giant (D)
  A spark wasp (D)
  Snorg (D)
  A bunyip (D)
  An eleionoma (D)
  A merfolk impaler (D)
  2 yaktaur captains (D)
  Erolcha (D)
  A rakshasa (D)
  2 great orbs of eyes (D)
  A naga warrior (D)
  2 ice dragons (D)
  4 hydras (D)
  2 ghost crabs (D)
  An anaconda (D)
  2 centaur warriors (D)
  An alligator (D)
  An ogre mage (D)
  A deep troll shaman (D)
  A tengu warrior (D)
  A vampire mage (D)
  2 orc high priests (D)
  A hell knight (D)
  Nergalle (D)
  Sonja (D)
  An orb spider (D)
  A harpy (D)
  A wolf spider (D)
  6 orc knights (D)
  A will-o-the-wisp (D)
  2 orc sorcerers (D)
  2 ugly things (D)
  2 cyclopes (D)
  2 merfolk sirens (D)
  5 black mambas (D)
  A guardian serpent (D)
  A water nymph (D)
  2 naga magi (D)
  A gargoyle (D)
  A torpor snail (D)
  A rime drake (D)
  A cane toad (D)
  A yaktaur (D)
  3 komodo dragons (D)
  A demonic crawler (D)
  A merfolk (D)
  A wind drake (D)
  A polar bear (D)
  A tyrant leech (D)
  A jumping spider (D)
  4 slime creatures (D)
  2 redbacks (D)
  A tarantella (D)
  A water elemental (D)
  6 hogs (D)
  A wyvern (D)
  2 yaks (D)
  A vampire mosquito (D)
  3 water moccasins (D)
  A warg (D)
  2 hell hounds (D)
  8 orc warriors (D)
  2 ice beasts (D)
  A black bear (D)
  A sky beast (D)
  5 wolves (D)
  A centaur (D)
  4 bullfrogs (D)
  4 orc priests (D)
  A hound (D)
  A jelly (D)
  3 orc wizards (D)
  2 iguanas (D)
  2 worker ants (D)
  An ufetubus (D)
  An adder zombie (D)
  A dart slug (D)
  13 orcs (D)
  A ball python (D)
  A bat zombie (D)
  A giant cockroach (D)
  A hobgoblin (D)
  A jackal (D)
  A bat (D)
  A frilled lizard (D)
159 creatures vanquished.

Vanquished Creatures (others)
  Kirke (D)
  3 foxfires (D)
4 creatures vanquished.

Grand Total: 163 creatures vanquished

Notes
Turn   | Place    | Note
-------+----------+-------------------------------------------
     0 | D        | mhtbhm the Human Fighter began the quest for the Orb.
     0 | D        | Reached XP level 1. HP: 18/18 MP: 1/1
    18 | D        | Banished a spatial maelstrom
    19 | D        | Reached XP level 2. HP: 23/24 MP: 2/2
    38 | D        | Reached skill level 3 in Long Blades
    38 | D        | Reached XP level 3. HP: 19/31 MP: 3/3
    66 | D        | Found a roughly hewn altar of Beogh.
    66 | D        | Found a snail-covered altar of Cheibriados.
    66 | D        | Found a shadowy altar of Dithmenos.
    66 | D        | Found a white marble altar of Elyvilon.
    66 | D        | Found a blossoming altar of Fedhas.
    66 | D        | Found an opulent altar of Gozag.
    67 | D        | Found a hazy altar of Hepliaklqana.
    68 | D        | Found a viscous altar of Jiyva.
    69 | D        | Found an ancient bone altar of Kikubaaqudgha.
    70 | D        | Found a corrupted altar of Lugonu.
    71 | D        | Found a burning altar of Makhleb.
    72 | D        | Found a sparkling altar of Nemelex Xobeh.
    73 | D        | Found an iron altar of Okawaru.
    74 | D        | Found a stormy altar of Qazlal.
    75 | D        | Found a sacrificial altar of Ru.
    76 | D        | Found a shimmering blue altar of Sif Muna.
    77 | D        | Found a bloodstained altar of Trog.
    78 | D        | Found a hide-covered altar of Uskayaw.
    79 | D        | Found a radiant altar of Vehumet.
    80 | D        | Found an ornate altar of the Wu Jian Council.
    81 | D        | Became a worshipper of Warmaster Okawaru
    82 | D        | Found a shimmering altar of Xom.
    83 | D        | Found a basalt altar of Yredelemnul.
    84 | D        | Found a glowing silver altar of Zin.
    85 | D        | Found a glowing golden altar of the Shining One.
   279 | D        | Noticed a sky beast
   279 | D        | Noticed a wyvern
   286 | D        | Killed a wyvern
   286 | D        | Reached * piety under Okawaru
   287 | D        | Reached skill level 6 in Long Blades
   287 | D        | Reached skill level 5 in Armour
   287 | D        | Reached XP level 4. HP: 33/40 MP: 4/4
   287 | D        | Reached XP level 5. HP: 38/46 MP: 5/5
   296 | D        | Reached XP level 6. HP: 24/53 MP: 6/6
   309 | D        | Killed a sky beast
   310 | D        | Reached skill level 7 in Long Blades
   317 | D        | Noticed a yak
   317 | D        | Noticed a centaur warrior
   317 | D        | Noticed a gargoyle
   317 | D        | Noticed an ice beast
   321 | D        | Killed an ice beast
   321 | D        | Reached ** piety under Okawaru
   322 | D        | Reached skill level 8 in Long Blades
   322 | D        | Reached XP level 7. HP: 38/60 MP: 7/7
   347 | D        | Killed a gargoyle
   348 | D        | Reached skill level 10 in Long Blades
   348 | D        | Reached XP level 8. HP: 37/68 MP: 5/8
   352 | D        | Killed a centaur warrior
   352 | D        | Reached *** piety under Okawaru
   353 | D        | Reached skill level 11 in Long Blades
   353 | D        | Reached skill level 5 in Dodging
   353 | D        | Reached XP level 9. HP: 35/75 MP: 6/9
   359 | D        | Reached **** piety under Okawaru
   359 | D        | Received a gift from Okawaru
   360 | D        | Reached skill level 12 in Long Blades
   360 | D        | Reached skill level 1 in Invocations
   674 | D        | Noticed a polar bear
   674 | D        | Noticed a komodo dragon
   674 | D        | Noticed an eight-headed hydra
   675 | D        | Noticed a komodo dragon
   694 | D        | Killed a five-headed hydra
   695 | D        | Reached skill level 10 in Shields
   695 | D        | Reached skill level 1 in Evocations
   997 | D        | Killed a komodo dragon
   998 | D        | Reached skill level 13 in Long Blades
  1001 | D        | Killed a polar bear
  1002 | D        | Reached skill level 10 in Armour
  1002 | D        | Reached XP level 10. HP: 52/83 MP: 9/11
  1014 | D        | Killed a komodo dragon
  1020 | D        | Noticed a rime drake
  1029 | D        | Killed a rime drake
  1029 | D        | Reached ***** piety under Okawaru
  1029 | D        | Received a gift from Okawaru
  1364 | D        | Noticed a seven-headed hydra
  1364 | D        | Noticed a komodo dragon
  1366 | D        | Killed a komodo dragon
  1438 | D        | Noticed a five-headed hydra
  1448 | D        | HP: 4/85 [six-headed hydra (11)]
  1797 | D        | Killed a one-headed hydra
  1798 | D        | Reached skill level 10 in Fighting
  1798 | D        | Reached skill level 14 in Long Blades
  2067 | D        | Noticed a black mamba
  2075 | D        | Killed a one-headed hydra
  2076 | D        | Reached XP level 11. HP: 84/92 MP: 12/12
  2155 | D        | Received a gift from Okawaru
  2449 | D        | Noticed Gastronok
  2453 | D        | Noticed Sonja
  2464 | D        | Killed Gastronok
  2465 | D        | Reached skill level 1 in Stealth
  2476 | D        | Killed Sonja
  2477 | D        | Reached skill level 15 in Long Blades
  2853 | D        | Noticed an orc knight
  2872 | D        | Killed an orc knight
  3196 | D        | Noticed an orc knight
  3196 | D        | Noticed an orc knight
  3210 | D        | Killed an orc knight
  3219 | D        | Noticed an orc sorcerer
  3227 | D        | Killed an orc knight
  3228 | D        | Reached skill level 1 in Throwing
  3233 | D        | Received a gift from Okawaru
  3234 | D        | Reached skill level 5 in Evocations
  3252 | D        | Killed an orc sorcerer
  3256 | D        | Reached XP level 12. HP: 63/103 MP: 13/13
  3435 | D        | Found Xaine's Antique Weapon Boutique.
  3435 | D        | Noticed an orc high priest
  3435 | D        | Noticed an orc high priest
  3449 | D        | Killed an orc high priest
  3464 | D        | Killed an orc high priest
  3466 | D        | Found Esey's Jewellery Shop.
  3478 | D        | Found Noaschuz's Gadget Boutique.
  3484 | D        | Found Xeur's Magic Scroll Shop.
  4050 | D        | Bought a condenser vane for 440 gold pieces
  4052 | D        | Bought a scroll of blinking for 75 gold pieces
  4052 | D        | Bought a scroll of blinking for 75 gold pieces
  4052 | D        | Bought a scroll of immolation for 35 gold pieces
  4052 | D        | Bought a scroll of magic mapping for 35 gold pieces
  4052 | D        | Bought a scroll of enchant weapon for 75 gold pieces
  4054 | D        | Bought a wand of acid (6) for 220 gold pieces
  4056 | D        | Bought an uncursed amulet of reflection for 330 gold pieces
  4062 | D        | Bought a lightning rod (4/4) for 330 gold pieces
  4064 | D        | Bought a scroll of fear for 35 gold pieces
  4072 | D        | Bought an uncursed ring of resist corrosion for 220 gold
                  | pieces
  4115 | D        | Noticed Erolcha
  4133 | D        | Paralysed by Erolcha for 3 turns
  4138 | D        | Killed Erolcha
  4139 | D        | Reached skill level 16 in Long Blades
  4381 | D        | Noticed a centaur warrior
  4401 | D        | Killed a centaur warrior
  4406 | D        | Noticed a yaktaur captain
  4407 | D        | Noticed an ice dragon
  4414 | D        | Noticed a rakshasa
  4414 | D        | Noticed an ice dragon
  4419 | D        | Noticed a tengu warrior
  4433 | D        | Killed a yaktaur captain
  4444 | D        | Killed an ice dragon
  4444 | D        | Received a gift from Okawaru
  4447 | D        | Killed a tengu warrior
  4447 | D        | Reached ****** piety under Okawaru
  4448 | D        | Reached skill level 15 in Shields
  4448 | D        | Reached XP level 13. HP: 51/114 MP: 14/14
  4449 | D        | Killed a rakshasa
  4449 | D        | Killed an ice dragon
  4449 | D        | Received a gift from Okawaru
  4844 | D        | Noticed Snorg
  4860 | D        | Killed Snorg
  4891 | D        | Noticed a spark wasp
  4911 | D        | Killed a spark wasp
  4912 | D        | Reached skill level 15 in Fighting
  4912 | D        | Reached skill level 17 in Long Blades
  5176 | D        | Noticed a bunyip
  5176 | D        | Noticed a ghost crab
  5176 | D        | Noticed a ghost crab
  5188 | D        | Killed a ghost crab
  5197 | D        | Killed a ghost crab
  5197 | D        | Received a gift from Okawaru
  5198 | D        | Noticed an eleionoma
  5199 | D        | Killed a bunyip
  5209 | D        | Noticed a four-headed hydra
  5248 | D        | Killed an eleionoma
  5251 | D        | Killed a seven-headed hydra
  5501 | D        | Noticed an anaconda
  5511 | D        | Noticed a naga warrior
  5515 | D        | Received a gift from Okawaru
  5516 | D        | Killed an anaconda
  5521 | D        | Killed a naga warrior
  5552 | D        | Reached skill level 18 in Long Blades
  5552 | D        | Reached XP level 14. HP: 105/126 MP: 15/15
  5731 | D        | Noticed Kirke
  5759 | D        | Killed Kirke
  5760 | D        | Reached skill level 15 in Armour
  5892 | D        | Noticed Nergalle
  5904 | D        | Killed Nergalle
  5934 | D        | Noticed a frost giant
  5943 | D        | Killed a frost giant
  5944 | D        | Reached skill level 1 in Unarmed Combat
  5952 | D        | Noticed a vampire knight
  5957 | D        | Noticed a stone giant
  5985 | D        | Killed a stone giant
  5995 | D        | Paralysed by a vampire knight for 7 turns
  5998 | D        | Received a gift from Okawaru
  5999 | D        | Reached skill level 19 in Long Blades
  6000 | D        | HP: 4/130 [vampire knight/vampiric draining (21)]
  6001 | D        | Mangled by a vampire knight

Illustrated notes

Levels and vault maps discovered:
D:        linesprint [early_d, line_temple, items_1, d_10, items_2, lair_1,
          lair_end, items_3, orc_1, orc_end, items_4, d_15, swamp_1, shoals_1,
          snake_1, spider_1, d_20, vaults_1, items_5, swamp_end, shoals_end,
          snake_end, spider_end, vaults_end, d_27, items_6, zot_1, zot_end,
          crypt_end, forest_end, elf_end, slime_end, tomb_end, abyss_end,
          pan_hell_end]

Skill      XL: |  1  2  3  4  5  6  7  8  9 10 11 12 13 14 |
---------------+-------------------------------------------+-----
Fighting       | 4 6 7 8 9 10 12 14 16 18 | 18.0
Long Blades    | 3 6 8 10 11 13 14 15 16 18 19 | 19.0
Armour         | 4 5 6 7 8 10 11 13 14 15 | 15.4
Shields        | 4 6 7 8 9 10 11 13 15 17 18 | 18.7
Dodging        | 2 3 4 5 6 7 8 9 |  9.1
Invocations    | 1 |  1.4
Evocations     | 1 3 5 6 8 |  8.0
Stealth        | 2 3 |  3.5
Throwing       | 1 4 |  4.9
Unarmed Combat | 2 |  2.0

Action                   |  1- 3 |  4- 6 |  7- 9 | 10-12 | 13-15 || total
-------------------------+-------+-------+-------+-------+-------++-------
Melee: Long sword        |    44 |       |       |       |       ||    44
       Scimitar          |     5 |    26 |    57 |   350 |       ||   438
       Demon blade       |       |       |       |       |   234 ||   234
       Unarmed           |       |       |       |       |     8 ||     8
Throw: Dart              |       |       |       |    14 |       ||    14
Invok: Heroism           |       |       |     1 |       |       ||     1
Evoke: Wand              |       |       |     3 |     8 |     2 ||    13
       Phantom mirror    |       |       |       |     5 |       ||     5
       Condenser vane    |       |       |       |     1 |     7 ||     8
       Lightning rod     |       |       |       |       |     4 ||     4
  Use: Potion            |     2 |     1 |     1 |     8 |     1 ||    13
       Scroll            |       |       |     1 |     3 |       ||     4
 Stab: Invisible         |       |       |       |     1 |       ||     1
Armor: Scale mail        |    22 |       |       |       |       ||    22
       Chain mail        |     3 |     9 |    29 |    68 |       ||   109
       Storm dragon scal |       |       |       |    11 |    57 ||    68
Dodge: Dodged            |    19 |     5 |    19 |    68 |    34 ||   145
Block: Kite shield       |    26 |    12 |    31 |   149 |   122 ||   340
       Reflection        |       |       |       |     3 |     2 ||     5
       Rpst.: Long sword |     6 |       |       |       |       ||     6
       Scimitar          |       |       |     1 |    20 |       ||    21
       Demon blade       |       |       |       |       |     5 ||     5

Table legend: (Time is in decaauts)
 A = Elapsed time spent in this place.
 B = Non-inter-level travel time spent in this place.
 C = Inter-level travel time spent in this place.
 D = Time resting spent in this place.
 E = Time spent auto-exploring this place.
 F = Levels seen in this place.
 G = Mean time per level.
                   A        B        C        D        E       F      G
               +--------+--------+--------+--------+--------+-----+--------+
         Total |   5826 |   5826 |      0 |   3993 |    339 |   1 | 5826.0 |
       Dungeon |   5826 |   5826 |      0 |   3993 |    339 |   1 | 5826.0 |
               +--------+--------+--------+--------+--------+-----+--------+

Top non-repeatable levels by time:
       D: 5826 daAuts
